 Dungeon Crawl Stone Soup version 0.29.0-4-gdea44cf6ec (webtiles) character file.

Game seed: 15979958395941525262

179 qw the Chopper (level 5, -2/30 HPs)
             Began as a Tengu Warper on Aug 28, 2022.
             Slain by Grinder (5 damage)
             ... on level 4 of the Dungeon.
             The game lasted 00:00:21 (3817 turns).

qw the Chopper (Tengu Warper)                       Turns: 3817, Time: 00:00:21

Health: -2/30      AC:  8    Str: 13    XL:     5   Next: 59%
Magic:  9/9        EV: 11    Int: 14    God:
Gold:   29         SH:  0    Dex: 13    Spells: 8/8 levels left

rFire   . . .      SeeInvis +   Y - +0 hand axe
rCold   . . .      Faith    .   (no shield)
rNeg    . . .      Spirit   .   k - +0 chain mail
rPois   .          Reflect  .   (helmet restricted)
rElec   .          Harm     .   (no cloak)
rCorr   .          Rampage  .   (no gloves)
Will    .....                   (boots unavailable)
Stlth   ..........              (no amulet)
HPRegen 0.10/turn               l - +4 ring of evasion
MPRegen 0.11/turn               h - ring of see invisible

@: flying quickly and evasively, quick
A: beak, talons 3, nimble flight
a: no special abilities


You were on level 4 of the Dungeon.
You visited 1 branch of the dungeon, and saw 4 of its levels.

You collected 175 gold pieces.
You spent 146 gold pieces at shops.


Innate Abilities, Weirdness & Mutations

You have a beak for a mouth.
You have claws for feet.
Your magical nature lets you fly swiftly and evasively.


   Skills:
 - Level 2.0 Fighting
 - Level 6.2 Axes
 - Level 1.0 Throwing
 + Level 1.1 Armour
 - Level 2.1 Dodging
 - Level 2.0 Spellcasting
 - Level 2.4 Translocations


You had 8 spell levels left.
You didn't know any spells.
Your spell library contained the following spells:

 Spells                   Type           Power      Damage    Failure   Level
 Blink                    Tloc           16%        N/A       99%         2
 Gell's Gravitas          Tloc           8%         N/A       100%        3
 Lesser Beckoning         Tloc           8%         N/A       100%        3
 Teleport Other           Tloc           8%         N/A       100%        3
 Manifold Assault         Tloc           8%         N/A       100%        5

Inventory:

Hand Weapons
 g - a +0 whip
 Y - a +0 hand axe (weapon)
Missiles
 i - a boomerang (quivered)
Armour
 k - a +0 chain mail (worn)
Jewellery
 h - a ring of see invisible (right hand)
 l - a +4 ring of evasion (left hand)
Potions
 a - a potion of ambrosia {unknown}
 c - a potion of berserk rage {unknown}
 d - a potion of degeneration {unknown}
 e - a potion of haste {unknown}
 j - a potion of cancellation {unknown}
 n - a potion of might {unknown}
 o - a potion of curing {unknown}

Dungeon Overview and Level Annotations

Branches:
Dungeon (4/15)
 Temple: D:4-7

Altars:
Dithmenos
Fedhas
Ru
Sif Muna

Shops:
D:1 ([   D:3 *=[   D:4 :

Annotations:
D:4 Grinder


Message History

Grinder closely misses you.
You barely miss Grinder. You claw Grinder.
Grinder is lightly wounded.
Grinder hits you.
You writhe in agony.
You closely miss Grinder. You claw Grinder. You peck Grinder, but do no damage.
Grinder is lightly wounded.
Grinder closely misses you.
You hit Grinder but do no damage. You claw Grinder. Your peck misses Grinder.
Grinder is moderately wounded.
Grinder misses you.
You hit Grinder. You peck Grinder, but do no damage.
Grinder is moderately wounded.
Grinder misses you.
You hit Grinder. Your kick misses Grinder. Your peck misses Grinder.
Grinder is moderately wounded.
Grinder hits you but does no damage.
You closely miss Grinder. You peck Grinder.
Grinder is heavily wounded.
Grinder hits you.
You writhe in agony.
You hit Grinder. You peck Grinder.
Grinder is heavily wounded.
Grinder gestures at you.
You suddenly lose the ability to move!
Grinder hits you.
You writhe in agony.
Grinder hits you.
You writhe in agony.
You can move again.
You barely miss Grinder.
Grinder is heavily wounded.
Grinder gestures at you.
You barely resist. You barely miss Grinder. Your kick misses Grinder.
Grinder is heavily wounded.
Grinder barely misses you.
You hit Grinder but do no damage. You peck Grinder, but do no damage.
Grinder is heavily wounded.
Grinder hits you but does no damage.
You barely miss Grinder. Your kick misses Grinder.
Grinder is heavily wounded.
Grinder hits you.
You writhe in agony.
You die...

###. ### #
......# #
#.##.##.#.# ##
#.#...#.#.#....
...._...5...# #
#...#@#
#.##%##.#
#.......#
#.####.####.#
#...........#
######.######
#.# ##.#
#####..#


You could see Grinder.

Vanquished Creatures
  An iguana (D:4)
  Robin (D:2)
  6 adders
  A gnoll (D:1)
  A worm (D:2)
  2 dart slugs
  6 ball pythons
  6 endoplasms
  3 giant cockroaches
  11 goblins
  12 hobgoblins
  2 jackals (D:1)
  5 kobolds
  3 quokkas
  A bat (D:1)
  3 frilled lizards
  5 rats
69 creatures vanquished.

Notes
Turn   | Place    | Note
-------+----------+-------------------------------------------
     0 | D:1      | qw the Tengu Warper began the quest for the Orb.
     0 | D:1      | Reached XP level 1. HP: 12/12 MP: 4/4
     0 | D:1      | 0 ||| qw: Version: 0.1-a-89-g26bdef1
     0 | D:1      | 0 ||| qw: Game counter: 2190
     0 | D:1      | 0 ||| qw: Always use a shield: true
     0 | D:1      | 0 ||| qw: God list: Okawaru
     0 | D:1      | 0 ||| qw: Allow faded altars: false
     0 | D:1      | 0 ||| qw: Do Orc after D:15 true
     0 | D:1      | 0 ||| qw: Do second Lair branch before Depths: true
     0 | D:1      | 0 ||| qw: Lair rune preference: random
     0 | D:1      | 0 ||| qw: Plans: Normal
     0 | D:1      | 0 ||| PLANNING D:1-11
     3 | D:1      | Noticed an electric eel
     4 | D:1      | Noticed an electric eel
    17 | D:1      | 17 ||| Stepping ~*~*~tactically~*~*~ (stealth).
   206 | D:1      | Reached XP level 2. HP: 14/17 MP: 6/6
   209 | D:1      | Reached skill level 3 in Axes
   255 | D:1      | Found Mazad's Weapon Shoppe.
   267 | D:1      | 267 ||| SHOPLISTING +0 whip (32 gold, have 0).
   632 | D:1      | 632 ||| DROPPING +0 club.
   848 | D:1      | Reached XP level 3. HP: 20/21 MP: 7/7
  1014 | D:1      | Found Paqox's Antique Armour Shop.
  1017 | D:1      | 1017 ||| SHOPLISTING pair of runed gloves (180 gold, have
                  | 45).
  1017 | D:1      | 1017 ||| SHOPLISTING ring mail (96 gold, have 45).
  1017 | D:1      | 1017 ||| SHOPLISTING runed chain mail (180 gold, have 45).
  1017 | D:1      | 1017 ||| SHOPLISTING shiny chain mail (180 gold, have 45).
  1020 | D:1      | 1020 ||| Stepping ~*~*~tactically~*~*~ (hiding).
  1073 | D:1      | Reached skill level 4 in Axes
  1224 | D:1      | 1224 ||| DROPPING ring of flight.
  1225 | D:1      | 1225 ||| UPGRADING to +4 ring of evasion.
  1226 | D:1      | 1226 ||| READING scroll labelled MUKLELI PAERGH.
  1227 | D:1      | 1227 ||| READING scroll labelled JUJITZ KOMO.
  1228 | D:1      | 1228 ||| READING scroll labelled VUGEUP NATUXAGH.
  1229 | D:1      | 1229 ||| DROPPING scroll of blinking.
  1271 | D:2      | 1271 ||| Stepping ~*~*~tactically~*~*~ (stealth).
  1280 | D:2      | 1280 ||| Stepping ~*~*~tactically~*~*~ (stealth).
  1291 | D:2      | Noticed Robin
  1297 | D:2      | Killed Robin
  1311 | D:2      | Reached XP level 4. HP: 26/26 MP: 8/8
  1500 | D:2      | HP: 6/26 [poisoned by an adder]
  1536 | D:2      | 1536 ||| FLEEEEING.
  1537 | D:2      | 1537 ||| FLEEEEING.
  1538 | D:2      | 1538 ||| FLEEEEING.
  1539 | D:2      | 1539 ||| FLEEEEING.
  1546 | D:2      | 1546 ||| FLEEEEING.
  1547 | D:2      | 1547 ||| FLEEEEING.
  1548 | D:2      | 1548 ||| FLEEEEING.
  1549 | D:2      | 1549 ||| FLEEEEING.
  1550 | D:2      | 1550 ||| FLEEEEING.
  1551 | D:2      | 1551 ||| FLEEEEING.
  1552 | D:2      | 1552 ||| FLEEEEING.
  1553 | D:2      | 1553 ||| FLEEEEING.
  1554 | D:2      | 1554 ||| FLEEEEING.
  1556 | D:2      | 1556 ||| FLEEEEING.
  1557 | D:2      | 1557 ||| FLEEEEING.
  1558 | D:2      | 1558 ||| FLEEEEING.
  1559 | D:2      | 1559 ||| FLEEEEING.
  1560 | D:2      | 1560 ||| FLEEEEING.
  1561 | D:2      | 1561 ||| FLEEEEING.
  1562 | D:2      | 1562 ||| FLEEEEING.
  1565 | D:2      | 1565 ||| FLEEEEING.
  1566 | D:2      | 1566 ||| FLEEEEING.
  1567 | D:2      | 1567 ||| FLEEEEING.
  1568 | D:2      | 1568 ||| FLEEEEING.
  1569 | D:2      | 1569 ||| FLEEEEING.
  1570 | D:2      | 1570 ||| FLEEEEING.
  1571 | D:2      | 1571 ||| FLEEEEING.
  1572 | D:2      | 1572 ||| FLEEEEING.
  1573 | D:2      | 1573 ||| FLEEEEING.
  1574 | D:2      | 1574 ||| FLEEEEING.
  1575 | D:2      | 1575 ||| FLEEEEING.
  1576 | D:2      | 1576 ||| FLEEEEING.
  1577 | D:2      | 1577 ||| FLEEEEING.
  1578 | D:2      | 1578 ||| FLEEEEING.
  1579 | D:2      | 1579 ||| FLEEEEING.
  1580 | D:2      | 1580 ||| FLEEEEING.
  1581 | D:2      | 1581 ||| FLEEEEING.
  1582 | D:2      | 1582 ||| FLEEEEING.
  1583 | D:2      | 1583 ||| FLEEEEING.
  1584 | D:2      | 1584 ||| FLEEEEING.
  1585 | D:2      | 1585 ||| FLEEEEING.
  1586 | D:2      | 1586 ||| FLEEEEING.
  1587 | D:2      | 1587 ||| FLEEEEING.
  1588 | D:2      | 1588 ||| FLEEEEING.
  1589 | D:2      | 1589 ||| FLEEEEING.
  1590 | D:2      | 1590 ||| FLEEEEING.
  1591 | D:2      | 1591 ||| FLEEEEING.
  1592 | D:2      | 1592 ||| FLEEEEING.
  1595 | D:2      | 1595 ||| FLEEEEING.
  1596 | D:2      | 1596 ||| FLEEEEING.
  1597 | D:2      | 1597 ||| FLEEEEING.
  1598 | D:2      | 1598 ||| FLEEEEING.
  1599 | D:2      | 1599 ||| STAIRDANCE
  1760 | D:2      | 1760 ||| STAIRDANCE
  1880 | D:2      | Reached skill level 5 in Axes
  1959 | D:2      | 1959 ||| Stepping ~*~*~tactically~*~*~ (stealth).
  1984 | D:2      | 1984 ||| Stepping ~*~*~tactically~*~*~ (stealth).
  1986 | D:2      | 1986 ||| Stepping ~*~*~tactically~*~*~ (hiding).
  1988 | D:2      | 1988 ||| Stepping ~*~*~tactically~*~*~ (hiding).
  2039 | D:2      | 2039 ||| Stepping ~*~*~tactically~*~*~ (stealth).
  2100 | D:2      | Found a shadowy altar of Dithmenos.
  2106 | D:2      | 2106 ||| Stepping ~*~*~tactically~*~*~ (stealth).
  2108 | D:2      | 2108 ||| Stepping ~*~*~tactically~*~*~ (stealth).
  2109 | D:2      | 2109 ||| Stepping ~*~*~tactically~*~*~ (stealth).
  2620 | D:3      | Found Jusifiw's Jewellery Shop.
  2626 | D:3      | Identified the +9 sling of the Harvest {flame, SInv}
  2630 | D:3      | 2630 ||| SHOPLISTING ring of fire (250 gold, have 128).
  2630 | D:3      | 2630 ||| SHOPLISTING ring of protection from fire (250
                  | gold, have 128).
  2655 | D:3      | Found Beoq's Antique Armour Emporium.
  2665 | D:3      | 2665 ||| BUYING chain mail (99 gold).
  2665 | D:3      | Bought a chain mail for 99 gold pieces
  2665 | D:3      | 2665 ||| SHOPLISTING glowing scarf (176 gold, have 29).
  2665 | D:3      | 2665 ||| SHOPLISTING runed swamp dragon scales (1166 gold,
                  | have 29).
  2665 | D:3      | 2665 ||| SHOPLISTING shiny chain mail (165 gold, have 29).
  2741 | D:3      | 2741 ||| Stepping ~*~*~tactically~*~*~ (stealth).
  2743 | D:3      | 2743 ||| Stepping ~*~*~tactically~*~*~ (stealth).
  2757 | D:3      | Gained mutation: Your magical nature lets you fly swiftly
                  | and evasively. [Tengu growth]
  2757 | D:3      | Reached XP level 5. HP: 28/30 MP: 9/9
  2812 | D:3      | Found a faded altar of an unknown god.
  2856 | D:3      | Found Itaud's Assorted Antiques.
  2869 | D:3      | 2869 ||| BUYING sapphire potion (22 gold).
  2869 | D:3      | Bought a sapphire potion for 22 gold pieces
  2869 | D:3      | 2869 ||| BUYING scroll labelled KAZEIN TUHO (25 gold).
  2869 | D:3      | Bought a scroll labelled KAZEIN TUHO for 25 gold pieces
  2869 | D:3      | 2869 ||| SHOPLISTING translucent flail (212 gold, have 19).
  2869 | D:3      | 2869 ||| SHOPLISTING twisted diamond ring (125 gold, have
                  | 19).
  2869 | D:3      | 2869 ||| SHOPLISTING white potion (22 gold, have 19).
  3049 | D:3      | Found a faded altar of an unknown god.
  3217 | D:3      | Found a blossoming altar of Fedhas.
  3258 | D:3      | Found a shimmering blue altar of Sif Muna.
  3325 | D:3      | 3325 ||| UPGRADING to +0 chain mail.
  3335 | D:3      | 3335 ||| DROPPING +0 leather armour.
  3336 | D:3      | 3336 ||| UPGRADING to ring of see invisible.
  3337 | D:3      | 3337 ||| DROPPING +6 ring of intelligence.
  3338 | D:3      | 3338 ||| READING scroll labelled ASTAG ZOVEGARE.
  3341 | D:3      | 3341 ||| READING scroll labelled ORPHIPOKASTRE.
  3342 | D:3      | 3342 ||| READING scroll labelled KAZEIN TUHO.
  3520 | D:3      | 3520 ||| Stepping randomly (stuck).
  3537 | D:3      | 3537 ||| Stepping randomly (stuck).
  3593 | D:4      | 3593 ||| PLANNING OSSUARY
  3609 | D:4      | Found Verinouf's Vocational Training.
  3615 | D:4      | 3615 ||| Stepping ~*~*~tactically~*~*~ (stealth).
  3616 | D:4      | 3616 ||| Stepping ~*~*~tactically~*~*~ (stealth).
  3617 | D:4      | 3617 ||| Stepping ~*~*~tactically~*~*~ (stealth).
  3619 | D:4      | 3619 ||| Stepping ~*~*~tactically~*~*~ (stealth).
  3636 | D:4      | Found a sacrificial altar of Ru.
  3663 | D:4      | Reached skill level 6 in Axes
  3796 | D:4      | Noticed Grinder
  3797 | D:4      | 3797 ||| Stepping ~*~*~tactically~*~*~ (hiding).
  3811 | D:4      | Paralysed by Grinder for 3 turns
  3813 | D:4      | HP: 7/30 [Grinder (5)]
  3817 | D:4      | HP: 3/30 [Grinder (2)]
  3817 | D:4      | Slain by Grinder

Levels and vault maps discovered:
D:1:      arrival_aquarium_b, layout_loops_ring, serial_shops,
          nicolae_shop_behind_doors, nicolae_shop_temple_entry_statues_fountains
D:2:      layout_loops_ring, basic_altar, uniq_robin
D:3:      layout_loops_ring, led_sif_pool, nicolae_overflow_ecumenical_swirl,
          basic_ecumenical_altar, serial_shops, nicolae_square_shop,
          nicolae_lakefront_shop, nicolae_shop_advertising_works
          [nicolae_subvault_shop_adworks], minmay_goblin_kobold_house
D:4:      layout_basic, nemelex_dance_club_becter,
          nicolae_ru_sacrificial_ziggurat, nicolae_ossuary_entry_plus,
          nicolae_shop_vocational, uniq_blork_the_orc, uniq_grinder,
          uniq_eustachio

Skill      XL: |  1  2  3  4  5 |
---------------+----------------+-----
Axes           | 3 4 5 6 |  6.2
Fighting       | |  2.0
Throwing       | |  1.0
Armour         | |  1.1
Dodging        | |  2.1
Spellcasting   | |  2.0
Translocations | |  2.4

Action                   |  1- 3 |  4- 6 || total
-------------------------+-------+-------++-------
Melee: Hand axe          |    64 |   103 ||   167
       Kick              |    16 |    21 ||    37
       Peck              |    12 |    23 ||    35
       Punch             |       |     1 ||     1
Throw: Boomerang         |    17 |    48 ||    65
  Use: Scroll            |     3 |     3 ||     6
Armor: Leather armour    |     5 |     7 ||    12
       Chain mail        |       |    10 ||    10
Dodge: Dodged            |    27 |    47 ||    74

Table legend:
 A = Non-vault XP
 B = Vault XP
 C = Vault XP percentage of total XP
 D = Non-vault monster count
 E = Vault monster count
 F = Vault count percentage of total count
                 A         B        C        D         E       F
            +---------+---------+-------+---------+---------+-------
      Total |     215 |      42 |  16.3 |      54 |      15 |  21.7
            +---------+---------+-------+---------+---------+-------
        D:1 |      46 |       0 |   0.0 |      19 |       0 |   0.0
        D:2 |      69 |      38 |  35.5 |      18 |      13 |  41.9
        D:3 |      44 |       4 |   8.3 |      12 |       2 |  14.3
        D:4 |      56 |       0 |   0.0 |       5 |       0 |   0.0
            +---------+---------+-------+---------+---------+-------
